 Dungeon Crawl Stone Soup version 0.26.1-11-gd32895ea62 (webtiles) character file.

Game seed: 13063659924364977047

6275 superiop the Grappler (level 10, 0/138 HPs)
             Began as a Troll Berserker on Apr 13, 2021.
             Was a High Priest of Trog.
             Slain by a yak (3 damage)
             ... on level 9 of the Dungeon on Apr 14, 2021.
             The game lasted 01:13:44 (9882 turns).

superiop the Grappler (Troll Berserker)             Turns: 9882, Time: 01:13:45

Health: 0/138      AC: 11    Str: 30    XL:     10   Next: 63%
Magic:  9/9        EV: 11    Int:  3    God:    Trog [*****.]
Gold:   492        SH:  0    Dex: 13    Spells: 9/9 levels left

rFire    + . .     SeeInvis .     - Unarmed
rCold    . . .     Faith    .   (no shield)
rNeg     + . .     Spirit   .   t - +0 swamp dragon scales
rPois    +         Reflect  .   (helmet restricted)
rElec    .         Harm     .   (no cloak)
rCorr    .         Rampage  .   (gloves unavailable)
Will     +....                  (boots unavailable)
Stlth    ..........             m - amulet of the acrobat
HPRegen  0.73/turn              k - ring of positive energy
MPRegen  0.11/turn              c - ring of Psychosis {rF+ Will+ Dex+4 Stlth+}

@: berserking, very quick
A: large, unfitting armour, claws 3, talons 2, regeneration 1, shaggy fur 1,
tough skin 3, evolution 1, subdued magic 1
a: Renounce Religion, Berserk, Trog's Hand, Brothers in Arms


You were on level 9 of the Dungeon.
You worshipped Trog.
Trog was extremely pleased with you.
You visited 2 branches of the dungeon, and saw 10 of its levels.

You collected 492 gold pieces.

Inventory:

Hand Weapons
 w - a +4 trident
Missiles
 d - 53 poisoned darts
 g - 159 stones (quivered)
 y - 6 boomerangs
Armour
 a - a +0 animal skin
 t - +0 swamp dragon scales (worn)
Jewellery
 c - the ring of Psychosis (right claw) {rF+ Will+ Dex+4 Stlth+}
   (You found it on level 4 of the Dungeon)

   [ring of stealth]

   It affects your dexterity (+4).
   It protects you from fire.
   It affects your willpower, your defense against some magical effects.
   It makes you more stealthy.
 k - a ring of positive energy (left claw)
 m - an amulet of the acrobat (around neck)
 n - an uncursed ring of positive energy
 o - an uncursed ring of ice
Wands
 j - a wand of iceblast (11)
 p - a wand of flame (21)
 q - a wand of paralysis (6)
 x - a wand of random effects (22)
Scrolls
 b - 5 scrolls of teleportation
 e - a scroll of fear
 f - 5 scrolls of blinking
 h - a scroll of enchant weapon
 l - 2 scrolls of remove curse
 u - 8 scrolls of identify
 v - a scroll of fog {unknown}
Potions
 i - 2 potions of magic
 r - 4 potions of curing
 s - 2 potions of ambrosia


   Skills:
 + Level 4.0 Fighting
 + Level 8.9 Throwing
 + Level 2.4 Armour
 + Level 5.2 Dodging
 + Level 2.1 Stealth
 + Level 10.2 Unarmed Combat


You had 9 spell levels left.
You didn't know any spells.
Your spell library was empty.

Dungeon Overview and Level Annotations

Branches:
Dungeon (9/15)             Temple (1/1) D:7
   Lair: D:8-11         Orc: D:9-12

Altars:
Ashenzari
Cheibriados
Dithmenos
Elyvilon
Fedhas
Gozag
Hepliaklqana
Kikubaaqudgha
Makhleb
Nemelex Xobeh
Okawaru
Qazlal
Ru
Sif Muna
Trog
Uskayaw
Vehumet
Wu Jian
Xom
Yredelemnul
Zin
The Shining One


Innate Abilities, Weirdness & Mutations

You are too large for most types of armour.
You have claws for hands.
Your natural rate of healing is unusually fast.
You are covered in fur. (AC +1)
You have extremely tough skin. (AC +3)
You have razor-sharp toenails.
You evolve.
Your spells are a little easier to cast, but a little less powerful.


Message History

The yak is moderately wounded.
The yak gores you! x2; The yak gores you.
You scratch the yak. Your kick misses the yak. Your claw misses the yak.
The yak is moderately wounded.
The yak gores you! x2
* * * LOW HITPOINT WARNING * * *
The yak gores you but does no damage. The yak closely misses you.
You barely miss the yak. You claw the yak.
The yak is moderately wounded.
The yak gores you!
* * * LOW HITPOINT WARNING * * *
The yak gores you.
* * * LOW HITPOINT WARNING * * *
The yak barely misses you. The yak gores you.
* * * LOW HITPOINT WARNING * * *
A red film seems to cover your vision as you go berserk!
You feel yourself moving faster!
You feel mighty! The yak misses you. The yak gores you but does no damage.
The yak barely misses you. The yak gores you.
You die...

############### ####
............... ....
###............ ....
#..########## ..# #<.#
...#
###..#############.((###
.................Y......
###....<......).@Y((((.>
###..###########YY......
...[.###########........
........................
#.......................
#.......<.....##########
#.............#
................
####............


You could see 4 yaks.

Vanquished Creatures
  A two-headed ogre (D:8)
  Pikel (D:8)
  Maggie (D:6)
  Grinder (D:4)
  Sigmund (D:4)
  A wyvern (D:8)
  2 yaks (D:9)
  Eustachio (D:4)
  A phantom (D:8)
  A sky beast (D:8)
  3 black bears
  2 orc warriors
  The ghost of RoadToAsh the Ruffian, an amateur TrAE of Hepliaklqana (D:4)
  8 ogres
  A centaur (D:8)
  5 bullfrogs
  A gnoll sergeant (D:7)
  2 scorpions (D:7)
  3 wights (D:7)
  4 howler monkeys
  5 orc priests
  7 hounds
  2 jellies
  3 bullfrog skeletons
  A gnoll shaman (D:8)
  9 orc wizards
  2 centaur skeletons
  Terence (D:3)
  4 iguanas
  10 worker ants
  A hound zombie (D:5)
  A hound skeleton (D:4)
  12 gnolls
  18 adders
  A shadow imp (D:9)
  5 white imps
  4 ufetubi
  An ooze (D:3)
  2 adder skeletons
  3 adder zombies
  3 dart slugs
  6 worms
  3 leopard geckos
  31 orcs
  7 giant cockroaches
  7 goblins
  6 hobgoblins
  12 jackals
  6 quokkas
  2 ball pythons
  A ball python skeleton (D:4)
  6 bats
  6 frilled lizards
  7 kobolds
  A quokka zombie (D:5)
  8 rats
245 creatures vanquished.

Vanquished Creatures (others)
  2 wights (D:7)
2 creatures vanquished.

Grand Total: 247 creatures vanquished

Notes
Turn   | Place    | Note
-------+----------+-------------------------------------------
     0 | D:1      | superiop the Troll Berserker began the quest for the Orb.
     0 | D:1      | Reached XP level 1. HP: 22/22 MP: 0/0
   168 | D:1      | Reached XP level 2. HP: 22/29 MP: 1/1
  1070 | D:2      | Reached XP level 3. HP: 36/36 MP: 2/2
  1205 | D:2      | Reached ** piety under Trog
  1351 | D:2      | Found a hide-covered altar of Uskayaw.
  1424 | D:2      | Reached XP level 4. HP: 45/45 MP: 3/3
  1877 | D:3      | Reached skill level 1 in Throwing
  1885 | D:3      | Reached skill level 4 in Unarmed Combat
  2061 | D:3      | Noticed Terence
  2068 | D:3      | Killed Terence
  2069 | D:3      | Reached XP level 5. HP: 53/53 MP: 4/4
  2146 | D:3      | Found a glowing golden altar of the Shining One.
  2149 | D:3      | Found a glowing silver altar of Zin.
  2154 | D:3      | Found a snail-covered altar of Cheibriados.
  2869 | D:3      | Reached *** piety under Trog
  3283 | D:4      | Reached XP level 6. HP: 61/61 MP: 5/5
  3285 | D:4      | Noticed Eustachio
  3300 | D:4      | Killed Eustachio
  3301 | D:4      | Reached skill level 5 in Unarmed Combat
  3412 | D:4      | Noticed Sigmund
  3445 | D:4      | Killed Sigmund
  3446 | D:4      | Reached XP level 7. HP: 67/67 MP: 6/6
  3605 | D:4      | Got a spiked ring mail
  3626 | D:4      | Noticed Grinder
  3636 | D:4      | Killed Grinder
  3637 | D:4      | Reached skill level 1 in Stealth
  3637 | D:4      | Reached skill level 6 in Unarmed Combat
  3699 | D:4      | Found a runed translucent door.
  3702 | D:4      | Noticed RoadToAsh's ghost (amateur TrAE)
  3727 | D:4      | Killed RoadToAsh's ghost
  3728 | D:4      | Reached XP level 8. HP: 67/75 MP: 7/7
  3771 | D:4      | Got a flickering lapis lazuli ring
  3791 | D:4      | Identified the ring of Psychosis {rF+ Will+ Dex+4 Stlth+}
                  | (You found it on level 4 of the Dungeon)
  3844 | D:4      | Found an opulent altar of Gozag.
  4013 | D:4      | Reached skill level 5 in Throwing
  4248 | D:4      | Reached **** piety under Trog
  4336 | D:4      | Found a burning altar of Makhleb.
  4433 | D:4      | Gained mutation: Your spells are a little easier to cast,
                  | but a little less powerful. [potion of mutation]
  4433 | D:4      | Gained mutation: Your muscles are strong. (Str +2) [potion
                  | of mutation]
  4433 | D:4      | Gained mutation: You are partially covered in icy blue
                  | scales. (AC +2) [potion of mutation]
  4449 | D:5      | Entered Level 5 of the Dungeon
  4714 | D:5      | Reached skill level 7 in Unarmed Combat
  6530 | D:6      | Reached XP level 9. HP: 83/83 MP: 8/8
  6647 | D:6      | Noticed Maggie
  6662 | D:6      | Killed Maggie
  6663 | D:6      | Reached skill level 8 in Unarmed Combat
  6804 | D:7      | Found a staircase to the Ecumenical Temple.
  6818 | Temple   | Entered the Ecumenical Temple
  7621 | D:7      | Reached ***** piety under Trog
  7635 | D:7      | Received a gift from Trog
  7969 | D:7      | Lost mutation: You are partially covered in icy blue
                  | scales. (AC +2) [potion of mutation]
  7969 | D:7      | Lost mutation: Your muscles are strong. (Str +2) [potion of
                  | mutation]
  7969 | D:7      | Gained mutation: You have sharp toenails. [potion of
                  | mutation]
  7969 | D:7      | Gained mutation: You have razor-sharp toenails. [potion of
                  | mutation]
  7969 | D:7      | Gained mutation: You evolve. [potion of mutation]
  8126 | D:7      | Reached skill level 9 in Unarmed Combat
  8371 | D:8      | Reached skill level 1 in Armour
  8506 | D:8      | Noticed a two-headed ogre
  8518 | D:8      | Killed a two-headed ogre
  8519 | D:8      | Reached XP level 10. HP: 55/92 MP: 9/9
  8865 | D:8      | Reached skill level 5 in Dodging
  8866 | D:8      | Noticed Pikel
  8885 | D:8      | Killed Pikel
  9164 | D:8      | Reached skill level 10 in Unarmed Combat
  9881 | D:9      | HP: 1/92 [yak (4)]
  9882 | D:9      | Slain by a yak

Illustrated notes

Levels and vault maps discovered:
D:1:      scummos_arrival_checkerplants, layout_loops_corners,
          chequers_serial_rivers_micro_c
D:2:      cheibrodos_old_hovel, layout_rooms, overflow_temple_1_default,
          grunt_ministairs_9, minmay_pentomino_s4
D:3:      layout_loops_corners, grunt_temple_overflow_diamond, minmay_puff,
          uniq_terence
D:4:      layout_gridville, makhleb_heckhound_becter,
          nicolae_gozag_cash_rules_everything_around_me,
          ebering_ghost_inner_flame, uniq_eustachio, uniq_sigmund, uniq_grinder
D:5:      layout_gridville, portal_sewer_entry_e
D:6:      layout_gridville, minmay_misc_feat_five, uniq_maggie
D:7:      layout_basic, minmay_temple_entry_statues_fountains,
          hangedman_abyss_or_decor_passed, roderic_serpentine_path,
          lemuel_old_faithful
D:8:      layout_gridville, uniq_pikel
D:9:      layout_long_grid, uniq_grum, uniq_erolcha
Temple:   eino_temple_scatter_basement

Skill      XL: |  1  2  3  4  5  6  7  8  9 10 |
---------------+-------------------------------+-----
Fighting       | 3 4 |  4.0
Dodging        | 3 4 5 |  5.2
Throwing       | 1 2 3 4 6 7 8 |  8.9
Unarmed Combat | 4 5 6 7 9 10 | 10.2
Stealth        | 1 2 |  2.1
Armour         | 1 2 |  2.4

Action                   |  1- 3 |  4- 6 |  7- 9 | 10-12 || total
-------------------------+-------+-------+-------+-------++-------
Melee: Unarmed           |    93 |    88 |   283 |    92 ||   556
       Punch             |       |       |    17 |     4 ||    21
       Kick              |       |       |     9 |    30 ||    39
Throw: Stone             |    64 |    27 |   280 |   121 ||   492
       Boomerang         |       |    57 |    11 |       ||    68
       Dart              |       |     1 |     2 |       ||     3
Invok: Berserk           |     2 |     4 |     2 |     3 ||    11
       Trog's Hand       |       |       |     1 |     1 ||     2
  Use: Scroll            |       |     6 |     6 |       ||    12
       Potion            |       |     8 |     3 |       ||    11
 Stab: Sleeping          |       |       |     1 |       ||     1
Armor: Animal skin       |    36 |    43 |    55 |       ||   134
       Swamp dragon scal |       |       |    30 |    26 ||    56
Dodge: Dodged            |    47 |    39 |   134 |    41 ||   261
